 Dungeon Crawl Stone Soup version 0.31.0-12-g77e489cdc1 (webtiles) character file.

Game seed: 4563300636253675339

1087 GriffinBr the Ruffian (level 8, -1/51 HPs)
             Began as an Octopode Shapeshifter on Feb 21, 2024.
             Was an Initiate of Cheibriados.
             Slain by an ice beast (14 damage)
             ... on level 5 of the Dungeon.
             The game lasted 00:15:36 (4814 turns).

GriffinBr the Ruffian (Octopode Shapeshifter)       Turns: 4814, Time: 00:15:36

Health: -1/51      AC:  1    Str: 16    XL:     8   Next: 30%
Magic:  7/7        EV: 12    Int: 19    God:    Cheibriados [......]
Gold:   214        SH:  8    Dex: 13    Spells: 7/7 levels left

rFire   x .          .
                       - Unarmed
rCold   . . .        m - +0 kite shield
rNeg    . . .        (helmet currently unavailable)
rPois   .            (no amulet)
rElec   .            h - +6 ring of intelligence
rCorr   .            (no ring)
SInv    .            (no ring)
Will    .....        (no ring)
Stlth   ++++         (no ring)
HPRegen 0.28/turn    (no ring)
MPRegen 0.10/turn    (no ring)
                     (no ring)

%: no passive effects
@: beast-form, very slow
A: beast (slay +2), almost no armour, amphibious, 8 rings, camouflage 1,
gelatinous body 1, (nimble swimmer 1), tentacles, low MP 1, heat vulnerability
1, MP-powered wands
a: Begin Untransformation, Renounce Religion


You were on level 5 of the Dungeon.
You worshipped Cheibriados.
Cheibriados was noncommittal.
You were a hulking beast.
You visited 1 branch of the dungeon, and saw 5 of its levels.
You also visited: Ossuary.

You collected 214 gold pieces.

Inventory:

Armour
 m - a +0 kite shield (worn)
Jewellery
 h - a +6 ring of intelligence (left tentacle)
Talismans
 b - a beast talisman
 c - a flux talisman
Wands
 z - a wand of roots (26)
 B - a wand of digging (5)
Scrolls
 d - 3 scrolls of teleportation
 f - a scroll of revelation {unknown}
 i - a scroll of poison {unknown}
 l - a scroll of identify
 p - 2 scrolls of enchant weapon {unknown}
 q - 2 scrolls of brand weapon {unknown}
 u - a scroll of amnesia {unknown}
 w - a scroll of acquirement {unknown}
 x - a scroll of fog {unknown}
 y - a scroll of fear {unknown}
Potions
 a - a potion of cancellation
 e - a potion of haste
 g - 4 potions of curing
 j - 7 potions of invisibility {unknown}
 k - 3 potions of attraction
 n - 4 potions of mutation
 o - 2 potions of enlightenment
 r - a potion of brilliance
 s - 2 potions of magic {unknown}
 t - a potion of might
 v - a potion of resistance {unknown}
 A - a potion of lignification


   Skills:
 + Level 2.3 Fighting
 + Level 3.2 Dodging
 + Level 4.8 Stealth
 + Level 1.5 Shields
 + Level 7.0 Unarmed Combat
 * Level 5.1 Shapeshifting


You had 7 spell levels left.
You didn't know any spells.
Your spell library contained the following spells:

 Spells                   Type           Power      Damage    Failure   Level
 Kiss of Death            Conj/Necr      0%         2d5       54%         1
 Lesser Beckoning         Tloc           0%         N/A       69%         2
 Confusing Touch          Hex            0%         N/A       89%         3
 Gell's Gravitas          Tloc           0%         N/A       89%         3
 Teleport Other           Tloc           0%         N/A       89%         3
 Dispel Undead            Necr           0%         3d6       100%        4


Dungeon Overview and Level Annotations

Branches:
Dungeon (5/15)            Ossuary (visited)
 Temple: D:4-7

Altars:
Cheibriados
Gozag
Kikubaaqudgha
Xom

Shops:
D:1 (   D:5 !


Innate Abilities, Weirdness & Mutations

You are a hulking beast.
Your limbs bulge with bestial killing power. (Slay +2)
You cannot wear most types of armour.
You are amphibious.
You can wear up to eight rings at the same time.
Your skin changes colour to match your surroundings (Stealth+).
Your rubbery body absorbs attacks. (AC +1, EV +1)
((You are camouflaged when in or above water. (Stealth+)))
You have tentacles for arms and can constrict up to eight enemies at once.
Your magical capacity is low. (-10% MP)
You are vulnerable to heat. (rF-)
You expend magic power (3 MP) to strengthen your wands.


Message History

l - a scroll of identify
There is an entrance to Wumn's Distillery here.
Found a stone staircase leading up.
Found a shimmering altar of Xom.
B - a wand of digging (5)
You now have 214 gold pieces (gained 7).
You see here a +0 robe.
Found 3 large rocks.
z - a wand of roots (26) (gained 14 charges)
An adder comes into view.
The helpless adder fails to defend itself.
You tentacle-slap the adder. Your grab misses the adder.
The adder is heavily wounded.
The adder closely misses you.
You barely miss the adder. You grab the adder. You squeeze the adder.
You kill the adder!
Cheibriados thoroughly appreciates the change of pace.
No target in view!
An ice beast comes into view.
The helpless ice beast fails to defend itself.
You tentacle-slap the ice beast.
The ice beast is lightly wounded.
The ice beast hits you. The ice beast freezes you!
You tentacle-slap the ice beast.
The ice beast is moderately wounded.
The ice beast hits you. The ice beast freezes you.
You tentacle-slap the ice beast. Your squeeze misses the ice beast.
The ice beast is heavily wounded.
The ice beast misses you.
You barely miss the ice beast.
The ice beast is heavily wounded.
The ice beast hits you. The ice beast freezes you!
* * * LOW HITPOINT WARNING * * *
You are too injured to fight recklessly!
You tentacle-slap the ice beast.
The ice beast is heavily wounded.
The ice beast hits you.
* * * LOW HITPOINT WARNING * * *
The ice beast freezes you!
You die...

###
###########..
#####
...........#..
#...##.#
####........
#.#.hY.#
#.###..!.
#...#### #
#.[## ###.###
#..# #.....#
#..# #.###.#
#..# #. #.#
#.####.##
#.###.#
##........
#.....#
#..####.##
###.###
#.........


You could see an ice beast.

Vanquished Creatures
  An ice beast (D:5)
  2 ogres (D:5)
  A weeping skull (Ossuary)
  2 scorpions (D:4)
  A burial acolyte (Ossuary)
  A bombardier beetle (D:4)
  A hound (D:5)
  2 orc priests (D:3)
  A gnoll bouda (D:5)
  Natasha (thrice) (D:2 D:1)
  5 mummies (Ossuary)
  11 gnolls
  11 adders
  A dart slug (D:3)
  2 ribbon worms
  10 orcs
  10 ball pythons
  3 bats
  4 endoplasms
  5 giant cockroaches
  2 gnoll zombies (Ossuary)
  5 goblins
  5 hobgoblins
  8 jackals
  5 quokkas
  4 frilled lizards
  9 kobolds
  2 kobold zombies (Ossuary)
  4 orc zombies (Ossuary)
  6 rats
127 creatures vanquished.

Notes
Turn   | Place    | Note
-------+----------+-------------------------------------------
     0 | D:1      | GriffinBr the Octopode Shapeshifter began the quest for the
                  | Orb.
     0 | D:1      | Reached XP level 1. HP: 13/13 MP: 1/1
   169 | D:1      | Reached XP level 2. HP: 15/18 MP: 2/2
   399 | D:1      | Found Wionepsu's Antique Weapon Shop.
   767 | D:1      | Reached XP level 3. HP: 22/23 MP: 3/3
   954 | D:2      | Reached skill level 1 in Stealth
  1169 | D:2      | Reached XP level 4. HP: 21/28 MP: 4/4
  1288 | D:2      | Reached skill level 4 in Unarmed Combat
  1657 | D:2      | Reached XP level 5. HP: 33/33 MP: 5/5
  1690 | D:2      | Noticed Natasha
  1696 | D:2      | Killed Natasha
  1701 | D:2      | Noticed Natasha
  1713 | D:2      | Killed Natasha
  1946 | D:2      | Noticed Natasha
  1971 | D:1      | Killed Natasha
  2415 | D:3      | Reached XP level 6. HP: 35/39 MP: 6/6
  2771 | D:3      | Found an opulent altar of Gozag.
  2942 | D:4      | Reached skill level 5 in Unarmed Combat
  3165 | D:4      | Found a sand-covered staircase.
  3331 | Ossuary  | Entered an ossuary
  3357 | Ossuary  | Reached XP level 7. HP: 45/45 MP: 7/7
  3889 | D:4      | Found an ancient bone altar of Kikubaaqudgha.
  3969 | D:4      | Reached skill level 6 in Unarmed Combat
  4174 | D:4      | Found a snail-covered altar of Cheibriados.
  4180 | D:4      | Reached skill level 1 in Shields
  4183 | D:4      | Became a worshipper of Cheibriados the Contemplative
  4255 | D:5      | Entered Level 5 of the Dungeon
  4399 | D:5      | Reached skill level 5 in Shapeshifting
  4399 | D:5      | Reached XP level 8. HP: 50/50 MP: 8/8
  4531 | D:5      | Gained mutation: You are vulnerable to heat. (rF-) [potion
                  | of mutation]
  4531 | D:5      | Gained mutation: Your magical capacity is low. (-10% MP)
                  | [potion of mutation]
  4531 | D:5      | Gained mutation: You expend magic power (3 MP) to
                  | strengthen your wands. [potion of mutation]
  4682 | D:5      | Reached skill level 7 in Unarmed Combat
  4684 | D:5      | Found Wumn's Distillery.
  4726 | D:5      | Found a shimmering altar of Xom.
  4814 | D:5      | Slain by an ice beast

Illustrated notes

Levels and vault maps discovered:
D:1:      kennysheep_arrival_forest, layout_loops_ring, serial_shops, shop,
          serial_bayou_pond_c
D:2:      minmay_evil_eye, layout_basic, minmay_split_cup_large, uniq_natasha
D:3:      layout_basic, mainiacjoe_overflow_six_doors_small
D:4:      layout_cave_pods, slow_altar_2, mainiacjoe_overflow_tiny_flanked,
          nicolae_ossuary_entry_ruins
D:5:      layout_loops_ring, old_standard_altar, serial_shops, shop,
          dreamdust_princess_bridge, st_stairs_2

Skill      XL: |  1  2  3  4  5  6  7  8 |
---------------+-------------------------+-----
Stealth        | 1 2 4 |  4.8
Unarmed Combat | 4 5 6 7 |  7.0
Shapeshifting  | 4 5 |  5.1
Fighting       | 2 |  2.3
Shields        | 1 |  1.5
Dodging        | 3 |  3.2

Action                     |  1- 3 |  4- 6 |  7- 9 || total
---------------------------+-------+-------+-------++-------
  Melee: Unarmed           |    52 |   138 |    81 ||   271
         Constrict         |    13 |    24 |    23 ||    60
         Tentacles         |     9 |    20 |    22 ||    51
         Punch             |     1 |     4 |     4 ||     9
    Use: Potion            |       |     2 |     1 ||     3
         Scroll            |       |       |     8 ||     8
   Stab: Sleeping          |     3 |     8 |     5 ||    16
 Armour: Skin              |    22 |    66 |    19 ||   107
  Dodge: Dodged            |    18 |    51 |    32 ||   101
  Block: Kite shield       |       |    27 |    19 ||    46
